 Dungeon Crawl Stone Soup version 0.30-a0-696-g2367cd04db (webtiles) character file.

Game seed: 16328301255837261886

219 Shayle the Trooper (level 5, -2/42 HPs)
             Began as a Demonspawn Reaver on Jan 21, 2023.
             Slain by a bullfrog (3 damage)
             ... in a sewer.
             The game lasted 00:07:19 (2102 turns).

Shayle the Trooper (Demonspawn Reaver)              Turns: 2102, Time: 00:07:19

Health: -2/42      AC:  5    Str: 12    XL:     5   Next: 63%
Magic:  8/8        EV: 12    Int: 17    God:
Gold:   79         SH:  0    Dex: 11    Spells: 4/8 levels left

rFire   . . .      SeeInvis .    a - +0 spear
rCold   . . .      Faith    .    (no shield)
rNeg    . . .      Spirit   .    b - +0 leather armour
rPois   +          Reflect  .    (no helmet)
rElec   .          Harm     .    (no cloak)
rCorr   +          Rampage  .    (no gloves)
Will    .....                    (no boots)
Stlth   +                        (no amulet)
HPRegen 0.27/turn                i - ring of resist corrosion
MPRegen 0.11/turn                m - ring of poison resistance

@: invisible
A: molten scales 1, weakness stinger 1
a: no special abilities


You were in a sewer.
You visited 1 branch of the dungeon, and saw 5 of its levels.
You also visited: Sewer.

You collected 79 gold pieces.

Inventory:

Hand Weapons
 a - a +0 spear (weapon)
Armour
 b - a +0 leather armour (worn)
Jewellery
 i - a ring of resist corrosion (left hand)
 m - a ring of poison resistance (right hand)
Scrolls
 d - a scroll of blinking
 f - 2 scrolls of identify
 g - a scroll of teleportation {unknown}
 j - a scroll of enchant armour {unknown}
 l - a scroll of vulnerability {unknown}
 n - a scroll of noise {unknown}
 p - a scroll of amnesia {unknown}
Potions
 c - a potion of heal wounds {unknown}
 h - a potion of curing
 k - a potion of resistance {unknown}
 o - a potion of flight {unknown}


   Skills:
 + Level 4.1 Fighting
 - Level 2.6 Polearms
 + Level 3.8 Dodging
 - Level 2.0 Spellcasting
 + Level 3.3 Conjurations
 + Level 1.0 Ice Magic


You had 4 spell levels left.
You knew the following spells:

 Your Spells              Type           Power      Damage    Failure   Level
a - Kiss of Death         Conj/Necr      28%        2d7       13%         1
b - Hailstorm             Conj/Ice       9%         3d4       30%         3

Your spell library contained the following spells:

 Spells                   Type           Power      Damage    Failure   Level
 Momentum Strike          Conj/Tloc      14%        3d8       19%         2


Dungeon Overview and Level Annotations

Branches:
Dungeon (5/15)             Temple (0/1) D:4           Sewer (1/1)

Altars:


Innate Abilities, Weirdness & Mutations

You are partially covered in molten scales. (AC +2)
You have a small tail.


Message History

The bullfrog hits you.
You hit the bullfrog.
The bullfrog is heavily wounded.
The bullfrog closely misses you. x2; The bullfrog hits you.
You hit the bullfrog.
Your tail-slap misses the bullfrog.
The bullfrog is heavily wounded.
The bullfrog misses you. The bullfrog barely misses you.
You hit the bullfrog.
The bullfrog is heavily wounded.
The bullfrog hits you but does no damage.
The bullfrog closely misses you. The bullfrog barely misses you.
The bullfrog closely misses you.
You hit the bullfrog.
Your tail-slap misses the bullfrog.
The bullfrog is severely wounded.
The bullfrog closely misses you. The bullfrog barely misses you.
You hit the bullfrog.
You kill the bullfrog!
The bullfrog releases a deep croak.
The bullfrog barely misses you.
Your Fighting skill increases to level 4!
Your Ice Magic skill increases to level 1!
You hit the bullfrog.
The bullfrog is lightly wounded.
The bullfrog hits you but does no damage.
The frilled lizard misses you.
You hit the bullfrog. You tail-slap the bullfrog.
The bullfrog is moderately wounded.
The bullfrog hits you.
* * * LOW HITPOINT WARNING * * *
The bullfrog hits you!
* * * LOW HITPOINT WARNING * * *
You hit the bullfrog.
The bullfrog is severely wounded.
The bullfrog hits you.
* * * LOW HITPOINT WARNING * * *
The frilled lizard barely misses you.
You hit the bullfrog but do no damage.
The bullfrog is severely wounded.
The bullfrog misses you. The bullfrog hits you.
You die...

#############
#####..~~~~~~~~.#
###.∩..~†~~~~~~~~~#
##~...~#########~~~#
#∩~.####~~†.~†....~####
#####~~~~#####~~.~.#~~##
##.~~~~~.#~∩~#######~~~####
#..~.~####~~~~~~..#~~.†~~~##
~~~.###~.~~~~~~.@F##.~#.~.~##
.~~##~~..~#######l(#.~##~~~~#
~.##~~.~### #~~##.~##~~.##
~~#~~~~##
≈...~~..~~#~~~#...~# .##.~~##
l~.~~~.~~~#†~~##~~.## ~#~~~~#
~~~~~$~.~~#~~~~#~~~.# ~#~~~~#
.~~.?)?.~.#.~~~#††.∩# †#~~.~#
~~.!!$.~~≈#†~~~#.~~.#
.##~~~##
≈~~~..~~≈##~~~##.~~##


You could see a bullfrog (unable to see you) and a frilled lizard (unable to see
you).

Vanquished Creatures
  A bullfrog (Sewer)
  A hound (D:4)
  4 adders
  A worm (D:2)
  A dart slug (D:1)
  An orc (D:4)
  5 bats
  11 endoplasms
  9 giant cockroaches (Sewer)
  2 hobgoblins (D:1)
  2 kobolds (D:4)
  11 quokkas
  9 ball pythons
  19 frilled lizards
  6 rats
83 creatures vanquished.

Notes
Turn   | Place    | Note
-------+----------+-------------------------------------------
     0 | D:1      | Shayle the Demonspawn Reaver began the quest for the Orb.
     0 | D:1      | Reached XP level 1. HP: 16/16 MP: 3/3
   180 | D:1      | Gained mutation: You have a small tail. [demonic ancestry]
   180 | D:1      | Reached XP level 2. HP: 20/23 MP: 5/5
   695 | D:2      | Reached XP level 3. HP: 28/28 MP: 6/6
   947 | D:3      | Reached skill level 3 in Fighting
  1052 | D:3      | You fall into a shaft and drop 2 floors!
  1052 | D:5      | Entered Level 5 of the Dungeon
  1157 | D:4      | Gained mutation: You are partially covered in molten
                  | scales. (AC +2) [demonic ancestry]
  1157 | D:4      | Reached XP level 4. HP: 12/35 MP: 7/7
  1268 | D:4      | Found a staircase to the Ecumenical Temple.
  1271 | D:4      | Found a glowing drain.
  1302 | Sewer    | Entered a sewer
  1518 | Sewer    | HP: 1/37 [quokka (3)]
  1752 | Sewer    | Learned a level 3 spell: Hailstorm
  1872 | Sewer    | Reached XP level 5. HP: 42/42 MP: 8/8
  2099 | Sewer    | Reached skill level 4 in Fighting
  2099 | Sewer    | Reached skill level 1 in Ice Magic
  2101 | Sewer    | HP: 1/42 [bullfrog (5)]
  2102 | Sewer    | Slain by a bullfrog

Illustrated notes

Levels and vault maps discovered:
D:1:      amcnicky_arrival_feature_with_door, layout_basic,
          minmay_misc_feat_pillars, minmay_lizard_pond
D:2:      layout_basic, basic_altar, hellmonk_ecumenical_altar_lost_god,
          minmay_heptomino_h4, uniq_sigmund
D:3:      layout_loops_ring
D:4:      cheibrodos_barr_body, layout_basic, minmay_temple_entry_stoned_glass,
          portal_sewer_entry_d, minmay_ogre_servants
D:5:      layout_cave_pods, mainiacjoe_overflow_alcove_2, serial_shops, shop,
          dk_noncrumbling_4, uniq_pikel
Sewer:    sewer_frog_island_02

Skill      XL: |  1  2  3  4  5 |
---------------+----------------+-----
Dodging        | 2 3 |  3.8
Fighting       | 3 4 |  4.1
Ice Magic      | 1 |  1.0
Polearms       | |  2.6
Spellcasting   | |  2.0
Conjurations   | |  3.3

Action                   |  1- 3 |  4- 6 || total
-------------------------+-------+-------++-------
Melee: Spear             |   132 |   272 ||   404
       Tailslap          |     7 |    28 ||    35
       Punch             |     1 |     1 ||     2
Throw: Dart              |       |     8 ||     8
 Cast: Kiss of Death     |     1 |       ||     1
  Use: Scroll            |     2 |       ||     2
       Potion            |       |     2 ||     2
 Stab: Invisible         |       |     1 ||     1
Armor: Leather armour    |    41 |   105 ||   146
Dodge: Dodged            |    91 |   198 ||   289

Table legend: (Time is in decaauts)
 A = Elapsed time spent in this place.
 B = Non-inter-level travel time spent in this place.
 C = Inter-level travel time spent in this place.
 D = Time resting spent in this place.
 E = Time spent auto-exploring this place.
 F = Levels seen in this place.
 G = Mean time per level.
                   A        B        C        D        E       F      G
               +--------+--------+--------+--------+--------+-----+--------+
         Total |   2159 |   2153 |      6 |    430 |    748 |   6 |  359.8 |
       Dungeon |   1301 |   1295 |      6 |    159 |    598 |   5 |  260.2 |
         Sewer |    857 |    857 |      0 |    271 |    150 |   1 |  857.0 |
               +--------+--------+--------+--------+--------+-----+--------+

Top non-repeatable levels by time:
   Sewer: 857 daAuts
     D:1: 620 daAuts
     D:2: 318 daAuts
     D:4: 244 daAuts
     D:3: 110 daAuts
     D:5: 7 daAuts
